 Dungeon Crawl Stone Soup version 0.29.0-4-gdea44cf6ec (webtiles) character file.

Game seed: 17898723760832167905

95 ProzacElf the Ducker (level 5, 0/39 (44) HPs)
             Began as a Meteoran Wanderer on Aug 27, 2022.
             Killed from afar by a white imp (6 damage)
             ... with a puff of frost
             ... on level 4 of the Dungeon.
             The game lasted 00:05:21 (1747 turns).

ProzacElf the Ducker (Meteoran Wanderer)            Turns: 1747, Time: 00:05:21

HP:   0/39 (44)     AC: -4    Str: 12    XL:     5   Next: 19%
MP:   6/6           EV: 14    Int: 20    God:
Gold: 88            SH:  0    Dex: 16    Spells: 4/4 levels left

rFire   . . .      SeeInvis .   b - +2 dagger (venom)
rCold   . . .      Faith    .   (no shield)
rNeg    . . .      Spirit   .   (no body armour)
rPois   .          Reflect  .   (no helmet)
rElec   .          Harm     .   (no cloak)
rCorr   .          Rampage  .   (no gloves)
Will    .....                   (no boots)
Stlth   +.........              (no amulet)
HPRegen 0.13/turn               m - +6 ring of intelligence
MPRegen 0.10/turn               (no ring)

@: corroded, glowing, heavily drained
A: sense surroundings 1, otherworldly, glowing, explore regen
a: no special abilities


You were on level 4 of the Dungeon.
You visited 1 branch of the dungeon, and saw 4 of its levels.

You collected 88 gold pieces.

Inventory:

Hand Weapons
 a - a +0 spear
 b - a +2 dagger of venom (weapon)
 h - a +0 dagger
 q - a +0 short sword of venom
 u - a +0 sling
 y - a +2 dagger of holy wrath
Missiles
 o - 3 throwing nets
 v - 5 poisoned darts (quivered)
Armour
 f - a +0 leather armour
 x - a +0 ring mail
Jewellery
 m - a +6 ring of intelligence (left hand)
Scrolls
 c - a scroll of fog
 e - a scroll of fear
 i - 2 scrolls of identify {unknown}
 j - a scroll of torment {unknown}
 k - a scroll of enchant armour {unknown}
 l - 2 scrolls of vulnerability {unknown}
 p - a scroll of amnesia {unknown}
 r - a scroll of summoning {unknown}
 s - a scroll of poison {unknown}
 A - a scroll of silence {unknown}
Potions
 d - a potion of attraction
 g - 3 potions of curing {unknown}
 n - a potion of heal wounds {unknown}
 t - a potion of ambrosia {unknown}
 w - a potion of flight {unknown}
 z - a potion of resistance {unknown}


   Skills:
 + Level 2.8 Fighting
 + Level 2.6 Polearms
 - Level 2.4 Armour
 + Level 4.7 Dodging
 - Level 1.2 Unarmed Combat
 - Level 3.6 Evocations


You had 4 spell levels left.
You didn't know any spells.
Your spell library contained the following spells:

 Spells                   Type           Power      Damage    Failure   Level
 Gell's Gravitas          Tloc           0%         N/A       50%         3
 Teleport Other           Tloc           0%         N/A       50%         3
 Dispersal                Tloc           0%         N/A       100%        6


Dungeon Overview and Level Annotations

Branches:
Dungeon (4/15) Zot: 851    Temple (0/1) D:4

Altars:


Innate Abilities, Weirdness & Mutations

You passively map a small area around you.
You are easily found by Zot.
You glow in the dark.
You regain HP and MP as you explore.


Message History

Health restored: 39 Thar be a stone staircase leadin' down 'ere.
Ye climb downwards.
Tha white imp shouts, "Return whence thou came, thou surly moon-mazed flap-bat!"
Found 15 gold pieces.
Thar be a stone staircase leadin' up 'ere.
Ye hit tha jelly.
Yer hands burn!
Tha jelly be lightly wounded.
Tha white imp laughs crazily.
Tha jelly hits ye.
Ye be splashed wit' acid!
Ye take 13 damage, an' haf 26/39 hp.
MASSIVE DAMAGE!!
Ye hit tha jelly.
Yer hands burn!
Tha jelly be moderately wounded.
An orc comes inta view.
It be wieldin' a +0 club.
Tha jelly hits ye.
Ye be splashed wit' acid!
* * * LOW HITPOINT WARNIN'
* * * Ye take 15 damage, an' haf 11/39 hp.
MASSIVE DAMAGE!!
Tha jelly hits ye.
* * * LOW HITPOINT WARNIN'
* * * Ye be splashed wit' acid!
* * * LOW HITPOINT WARNIN'
* * * Ye take 9 damage, an' haf 2/39 hp.
MASSIVE DAMAGE!!
Tha necrophage attacks as ye move away!
Tha necrophage barely misses ye.
Ye regain'd 3 hp, an' now haf 5/39 hp.
Ye regain'd 2 hp, an' now haf 7/39 hp.
Ye regain'd 3 hp, an' now haf 10/39 hp.
Ye regain'd 2 hp, an' now haf 13/39 hp.
Ye regain'd 3 hp, an' now haf 16/39 hp.
A jelly comes inta view.
Found a staircase ta tha Ecumenical Temple.
Tha jelly quivers.
Tha jelly attacks as ye move away!
Tha jelly hits ye.
Tha acid corrodes ye!
Ye be splashed wit' acid!
* * * LOW HITPOINT WARNIN'
* * * Ye take 11 damage, an' haf 6/39 hp.
MASSIVE DAMAGE!!
Tha jelly attacks as ye move away!
Tha jelly barely misses ye.
Tha necrophage misses ye.
Tha white imp gestures at ye.
Tha puff o' frost hits ye.
Ye die...

........##......$#*
,
.........#.<.....#
* *
...#...#..#.....##
..*#.8.##.......# ,
, #.....##......# ,
, #..#.#..##....##
, ...##. #...o#..#
, *
..##...##5nJ##.# ,
....>..@.8.#*.# ,
.##...##...# #, , ,
##. #....#* ,, , ,
# #J.##.# , ,
,,...# ..# , #.8.#
..., * , #...*,
##.. * ... * #.# ,
, .., , ..*


You could see a necrophage, a jelly, a white imp and an orc.

Vanquished Creatures
  A gnoll (D:1)
  2 adders (D:3)
  A worm (D:3)
  2 dart slugs
  7 orcs (D:3)
  6 ball pythons
  6 bats
  4 endoplasms
  A giant cockroach (D:3)
  3 goblins
  7 hobgoblins
  6 kobolds
  A quokka (D:1)
  A frilled lizard (D:1)
  5 rats
53 creatures vanquished.

Notes
Turn   | Place    | Note
-------+----------+-------------------------------------------
     0 | D:1      | ProzacElf the Meteoran Wanderer began the quest for the
                  | Orb.
     0 | D:1      | ProzacElf set off with the following items: a +0 dagger, 3
                  | throwing nets, a scroll of fog, a potion of attraction, a
                  | scroll of fear, a +0 leather armour.
     0 | D:1      | Reached XP level 1. HP: 16/16 MP: 2/2
    75 | D:1      | Reached XP level 2. HP: 19/23 MP: 3/3
   359 | D:1      | Reached skill level 1 in Polearms
   359 | D:1      | Reached skill level 4 in Dodging
   359 | D:1      | Reached XP level 3. HP: 29/29 MP: 4/4
   498 | D:1      | Glimpsed the power of Zot.
   548 | D:1      | Glimpsed the power of Zot.
   588 | D:1      | Glimpsed the power of Zot.
   598 | D:1      | Touched by the power of Zot.
   820 | D:2      | Reached XP level 4. HP: 25/25 MP: 5/5
  1444 | D:3      | Reached XP level 5. HP: 28/36 MP: 6/6
  1730 | D:4      | Noticed a necrophage
  1743 | D:4      | Found a staircase to the Ecumenical Temple.
  1747 | D:4      | Killed from afar by a white imp

Illustrated notes

Levels and vault maps discovered:
D:1:      dpeg_arrival_three_same_balls, layout_basic,
          dilly_ecumenical_altar_fadedgnrine
D:2:      layout_basic
D:3:      layout_rooms
D:4:      layout_cave_pods, mainiacjoe_overflow_paths,
          minmay_temple_entry_waves, kennysheep_small_circle

Skill      XL: |  1  2  3  4 |
---------------+-------------+-----
Polearms       | 1 2 |  2.6
Dodging        | 4 |  4.7
Fighting       | 2 |  2.8
Armour         | |  2.4
Unarmed Combat | |  1.2
Evocations     | |  3.6

Action                   |  1- 3 |  4- 6 || total
-------------------------+-------+-------++-------
Melee: Spear             |    67 |       ||    67
       Dagger            |    19 |    99 ||   118
       Punch             |     1 |       ||     1
Throw: Throwing net      |     1 |       ||     1
 Stab: Held in net/web   |     1 |       ||     1
Armor: Leather armour    |    27 |    24 ||    51
Dodge: Dodged            |    45 |    47 ||    92
